 Dungeon Crawl Stone Soup version 0.31-a0-971-g75a2e9a4b4 (webtiles) character file.

Game seed: 7566148436334380977

279224 Gladio the Champion of Chaos (level 19, -5/163 HPs)
             Began as a Demonspawn Gladiator on Oct 28, 2023.
             Was the Champion of Makhleb.
             Blown up by a conjurer statue (61 damage)
             ... with an orb of destruction
             ... in a wizard's laboratory.
             The game lasted 01:36:16 (35309 turns).

Gladio the Champion of Chaos (DsGl)                Turns: 35309, Time: 01:36:16

Health: -5/163     AC: 33    Str: 17    XL:     19   Next: 65%
Magic:  32/32      EV: 34    Int:  9    God:    Makhleb [******]
Gold:   1769       SH:  0    Dex: 36    Spells: 18/18 levels left

rFire   . . .        O - +8 pair of quick blades "Gyre" and "Gimble" {protect}
rCold   . . .        (shield currently unavailable)
rNeg    . . .        p - +8 ring mail "Calibb" {rElec rPois Will++}
rPois   +            m - +2 hat of Dice, Bag, and Bottle {Str-5 Dex+2 Stlth+}
rElec   +            a - +4 cloak "Guken" {Drain rPois Regen+}
rCorr   +            Z - +2 pair of gloves {hurl}
SInv    +            s - +2 pair of boots of Death's Door {+Inv Str+4 SInv}
Will    +++..        I - amulet of faith
Stlth   ++++         Y - +6 ring of dexterity
HPRegen 1.27/turn    y - +6 ring of dexterity
MPRegen 0.23/turn

%: faith
@: mighty, agile
A: hooves 2, yellow scales 3, powered by pain 2, augmentation 1, demonic magic
2, thin skeletal structure 1
}: 2/15 runes: decaying, gossamer
a: Renounce Religion, Evoke Invisibility, Minor Destruction, Lesser Servant of
Makhleb, Major Destruction, Greater Servant of Makhleb


You were in a wizard's laboratory.
You worshipped Makhleb.
Makhleb was exalted by your worship.
You visited 7 branches of the dungeon, and saw 34 of its levels.
You visited 1 bazaar.
You also visited: Gauntlet, Volcano and Wizlab.

You collected 3643 gold pieces.
You spent 1874 gold pieces at shops.

Inventory:

Hand Weapons
 K - a +4 scimitar of flaming
 O - the +8 pair of quick blades "Gyre" and "Gimble" (weapon) {protect}
   (You found it on level 2 of the Vaults)
Missiles
 c - 5 throwing nets
 P - 6 javelins
 U - 17 silver javelins
Armour
 a - the +4 cloak "Guken" (worn) {Drain rPois Regen+}
   (You found it in a Gauntlet)

   rPois:     It protects you from poison Regen+: It increases your rate of
   health regeneration.
   Drain:     It drains your maximum health when unequipped.
 m - the +2 hat of Dice, Bag, and Bottle (worn) {Str-5 Dex+2 Stlth+}
   (You acquired it on level 2 of the Vaults)

   Str-5:     It affects your strength (-5).
   Dex+2:     It affects your dexterity (+2).
   Stlth+:    It makes you more stealthy.
 p - the +8 ring mail "Calibb" (worn) {rElec rPois Will++}
   (You found it in a Gauntlet)

   rElec:     It insulates you from electricity.
   rPois:     It protects you from poison Will++: It greatly increases your
   willpower.
 s - the +2 pair of boots of Death's Door (worn) {+Inv Str+4 SInv}
   (You bought it in a shop on level 1 of the Vaults)

   Str+4:     It affects your strength (+4).
   SInv:      It lets you see invisible.
   +Inv:      It lets you turn invisible.
 x - a +2 helmet
 G - a +2 kite shield of protection
 Z - a +2 pair of gloves of hurling (worn)
Jewellery
 v - a ring of see invisible
 y - a +6 ring of dexterity (right hand)
 F - the ring "Reoqeu" {Fire Will+}
   (You took it off an orc on level 6 of the Dungeon)

   [ring of fire]

   Fire:      It enhances your fire magic.
   rF+:       It protects you from fire.
   rC-:       It makes you vulnerable to cold.
   Will+:     It increases your willpower.
 I - an amulet of faith (around neck)
 R - the ring of Gipumybb {rC+ Will++ Int+3 Dex-2}
   (You took it off an orc on level 10 of the Dungeon)

   [ring of protection from cold]

   Int+3:     It affects your intelligence (+3).
   Dex-2:     It affects your dexterity (-2).
   rC+:       It protects you from cold.
   Will++:    It greatly increases your willpower.
 Y - a +6 ring of dexterity (left hand)
Wands
 g - a wand of iceblast (20)
 t - a wand of digging (5)
 C - a wand of mindburst (30)
 L - a wand of polymorph (5)
Scrolls
 d - 3 scrolls of enchant weapon
 e - 4 scrolls of enchant armour
 f - 4 scrolls of revelation
 h - 2 scrolls of amnesia
 j - 2 scrolls of torment
 k - 5 scrolls of poison
 q - 11 scrolls of fog
 r - 4 scrolls of blinking
 u - 7 scrolls of vulnerability
 w - 11 scrolls of teleportation
 B - 8 scrolls of immolation
 D - 3 scrolls of fear
 H - 3 scrolls of brand weapon
 N - 2 scrolls of summoning
 Q - 14 scrolls of identify
 W - 5 scrolls of noise
Potions
 b - 2 potions of berserk rage
 i - 8 potions of heal wounds
 l - 6 potions of mutation
 n - 9 potions of curing
 o - 5 potions of lignification
 z - 9 potions of attraction
 A - 4 potions of haste
 E - 2 potions of invisibility
 J - 4 potions of enlightenment
 M - 7 potions of ambrosia
 S - 3 potions of might
 V - 3 potions of cancellation
 X - 4 potions of resistance
Miscellaneous
 T - a box of beasts


   Skills:
 * Level 18.0 Fighting
 * Level 8.1(12.7) Short Blades
 - Level 15.4(16.1) Long Blades
 - Level 2.0 Throwing
 - Level 9.0 Armour
 + Level 15.1 Dodging
 - Level 10.0 Shields
 - Level 3.1 Unarmed Combat
 + Level 19.7 Invocations


You had 18 spell levels left.
You didn't know any spells.
Your spell library contained the following spells:

 Spells                   Type           Power      Damage    Failure   Level
 Freeze                   Ice            0%         1d3       54%         1
 Kiss of Death            Conj/Necr      0%         2d5       54%         1
 Magic Dart               Conj           0%         1d3       54%         1
 Necrotise                Necr           0%         1d4       54%         1
 Shock                    Conj/Air       0%         1d3       54%         1
 Sting                    Tmut/Pois      0%         1d3       54%         1
 Blink                    Tloc           0%         N/A       69%         2
 Call Imp                 Summ           0%         N/A       69%         2
 Cigotuvi's Dreadful Rot  Necr/Pois/Air  0%         N/A       69%         2
 Ensorcelled Hibernation  Hex/Ice        0%         N/A       69%         2
 Lesser Beckoning         Tloc           0%         N/A       69%         2
 Momentum Strike          Conj/Tloc      0%         3d8       69%         2
 Passwall                 Tmut/Erth      0%         N/A       69%         2
 Poisonous Vapours        Pois/Air       0%         N/A       69%         2
 Scorch                   Fire           0%         2d5       69%         2
 Searing Ray              Conj           0%         2d4       69%         2
 Confusing Touch          Hex            0%         N/A       89%         3
 Frozen Ramparts          Ice            0%         1d1       89%         3
 Hailstorm                Conj/Ice       0%         3d3       89%         3
 Ignite Poison            Fire/Tmut/Pois 0%         N/A       89%         3
 Mephitic Cloud           Conj/Pois/Air  0%         N/A       89%         3
 Stone Arrow              Conj/Erth      0%         3d7       89%         3
 Summon Guardian Golem    Hex/Summ       0%         N/A       89%         3
 Swiftness                Air            0%         N/A       89%         3
 Vampiric Draining        Necr           0%         2d6       89%         3
 Airstrike                Air            0%         2d(0-16)  100%        4
 Animate Armour           Summ/Erth      0%         N/A       100%        4
 Dispel Undead            Necr           0%         3d6       100%        4
 Flame Wave               Conj/Fire      0%         2d4       100%        4
 Fulminant Prism          Conj/Hex       0%         3d5       100%        4
 Leda's Liquefaction      Hex/Erth       0%         N/A       100%        4
 Manifold Assault         Tloc           0%         N/A       100%        4
 Olgreb's Toxic Radiance  Pois           0%         N/A       100%        4
 Summon Ice Beast         Ice/Summ       0%         N/A       100%        4
 Summon Lightning Spire   Summ/Air       0%         N/A       100%        4
 Vhi's Electric Charge    Tloc/Air       0%         N/A       100%        4
 Agony                    Necr           0%         N/A       100%        5
 Arcjolt                  Conj/Air       0%         1d10      100%        5
 Freezing Cloud           Conj/Ice/Air   0%         6-21      100%        5
 Lee's Rapid Deconstruct  Erth           0%         3d4*      100%        5
 Summon Mana Viper        Hex/Summ       0%         N/A       100%        5
 Bombard                  Conj/Erth      0%         9d1       100%        6
 Death Channel            Necr           0%         N/A       100%        6
 Dispersal                Tloc           0%         N/A       100%        6
 Plasma Beam              Fire/Air       0%         2x1d10    100%        6
 Summon Cactus Giant      Summ           0%         N/A       100%        6
 Monstrous Menagerie      Summ           0%         N/A       100%        7
 Borgnjor's Revivificati  Necr           0%         N/A       100%        8
 Disjunction              Tloc           0%         N/A       100%        8
 Lehudib's Crystal Spear  Conj/Erth      0%         10d2      100%        8


Dungeon Overview and Level Annotations

Branches:
Dungeon (15/15)            Temple (1/1) D:7            Lair (5/5) D:9
  Swamp (4/4) Lair:2       Spider (4/4) Lair:3        Slime (0/5) Lair:5
    Orc (2/2) D:10            Elf (0/3) Orc:2        Vaults (3/5) D:14
 Depths (0/4) D:15        Volcano (visited)          WizLab (1/1)
Gauntlet (visited)
  Crypt: Vaults:2-3

Altars:
Ashenzari
Cheibriados
Dithmenos
Fedhas
Gozag
Hepliaklqana
Kikubaaqudgha
Makhleb
Nemelex Xobeh
Okawaru
Qazlal
Ru
Sif Muna
Trog
Uskayaw
Vehumet
Wu Jian
Xom
Yredelemnul
Jiyva

Shops:
D:1 (?   D:4 (   D:5 (   Orc:2 *:*[   Vaults:1 [(:

Annotations:
D:6 3 runed translucent doors, kal9871's ghost, novice TrBe
D:10 exclusions: electric eel and 4 more exclusions
D:14 3 runed translucent doors
Lair:5 1 runed translucent door WizLab exclusion: 2 statues


Innate Abilities, Weirdness & Mutations

You have hoof-like feet.
You are completely covered in yellow scales. (AC +4, rCorr)
You sometimes gain power by taking damage.
Your magical and physical power is slightly enhanced at high health.
Spells you cast may paralyse nearby enemies.
You have a somewhat thin skeletal structure. (Dex +2, Stealth+)


Message History

You feel better.
The tengu conjurer mumbles some strange words.
The tengu conjurer conjures a globe of magical energy!
A battlesphere comes into view.
The tengu conjurer casts a spell at you.
The bolt of lightning misses you.
The battlesphere fires!
The barrage of energy hits you.
You hear a roar! x2; You hear a shout!
You hear a roar!
You start waiting.
A tengu conjurer is nearby!
The tengu conjurer completely misses you.
The tengu conjurer barely misses you.
The tengu conjurer claws you but does no damage.
You puncture the tengu conjurer!
Your weapon exudes an aura of protection.
You hit the tengu conjurer. You barely miss the tengu conjurer.
You puncture the tengu conjurer!
The tengu conjurer is almost dead.
You puncture the tengu conjurer!
You kill the tengu conjurer!
Makhleb accepts your kill.
The battlesphere dissipates.
No target in view!
A conjurer statue comes into view.
Marking area around a conjurer statue as unsafe for travelling.
A purple draconian comes into view. It is wielding a +0 dire flail.
The conjurer statue launches a ball of destructive magic.
An orb of destruction comes into view.
The orb of destruction hits you!!!
The conjurer statue conjures a glowing orb.
An orb of destruction comes into view.
The conjurer statue conjures a glowing orb.
The purple draconian breathes dispelling energy at you.
The bolt of dispelling energy misses you.
An orb of destruction comes into view.
The orb of destruction moves out of view.
The orb of destruction hits you!!!
You focus on the pain.
You feel very mighty all of a sudden. The orb of destruction hits you!!!
You die...

##....[..........#.*
#.##....†......#.#
##............###..
#.#§.........#.# ###
##..§§......#.#.#
#.#........###.##
##..§.......#.##
#.#.§.....##.#
###§@......#.#
#.§#☼........#
###§§......#.#
#.#§.○....##.#
#§..°d.....#.
#.#..○.....##
##....○.....#.#
#.#.§..°.....#
##......○.....#


You could see a purple draconian.

Vanquished Creatures
  Arachne (Spider:2)
  Nikola (Spider:2)
  Jorgrun (D:12)
  Zenata (Vaults:1)
  A sphinx (Vaults:1)
  Gastronok (D:9)
  Aizul (Swamp:3)
  A thorn hunter (Swamp:3)
  Agnes (D:14)
  Donald (Spider:3)
  A fenstrider witch (Swamp:4)
  2 emperor scorpions (Spider:4)
  9 vault wardens
  Roxanne (Spider:3)
  An orc warlord (Vaults:2)
  A ghoul (Swamp:3)
  A war gargoyle (Vaults:2)
  A broodmother (Spider:4)
  A stone giant (Vaults:2)
  4 very ugly things
  4 ironbound thunderhulks
  12 ironbound preservers
  A vampire knight (D:12)
  2 formless jellyfish
  6 eleionomae
  6 spark wasps (Spider:4)
  4 bunyips
  A minotaur (Gauntlet)
  7 dire elephants
  A purple draconian (WizLab)
  2 statues (WizLab)
  Josephine (D:15)
  5 entropy weavers
  Fannar (Lair:1)
  A fire dragon (D:12)
  3 great orbs of eyes
  22 hydras
  A peacekeeper (Vaults:2)
  5 vault guards (D:14)
  5 yaktaur captains
  6 centaur warriors
  A jorogumo (Spider:4)
  2 ogre magi (Orc:2)
  5 alligators
  Erica (D:11)
  6 ironbound frosthearts
  3 catoblepae
  2 ghost crabs
  5 radroaches
  11 boulder beetles
  4 tengu warriors
  12 two-headed ogres
  5 death yaks (Lair:5)
  A deep troll shaman (Lair:5)
  7 demonic crawlers
  2 orc high priests (Orc:2)
  Sonja (D:10)
  An iron troll (Orc:2)
  2 skysharks
  A sixfirhy (Gauntlet)
  5 goliath frogs
  A death drake (Swamp:2)
  5 pharaoh ants
  A glowing orange brain (shapeshifter) (D:15)
  35 deep trolls
  7 steelbarb worms
  4 spriggan druids
  10 orb spiders
  An arcanist (Vaults:2)
  4 bog bodies
  8 ironbound convokers
  8 lindwurms
  4 harpies (Vaults:1)
  8 swamp dragons
  2 necromancers (Vaults:2)
  4 orc knights
  An orc sorcerer (D:15)
  2 deep elf pyromancers
  8 wolf spiders
  28 ugly things
  A frost giant zombie (Vaults:2)
  5 cyclopes
  3 will-o-the-wisps
  5 manticores
  15 elephants
  Maurice (Orc:1)
  8 black mambas
  4 moths of wrath
  9 torpor snails
  A moth of wrath (shapeshifter) (Vaults:3)
  5 vault sentinels
  10 cane toads
  2 gargoyles
  6 komodo dragons
  3 rime drakes
  Maggie (D:7)
  10 tengu conjurers
  11 yaktaurs
  2 freezing wraiths
  An unseen horror (D:10)
  3 kobold demonologists (D:12)
  2 efreet
  3 polar bears
  14 trolls
  A raiju (D:10)
  6 meliai
  8 hornets
  15 blink frogs
  7 tyrant leeches
  4 dream sheep
  13 tarantellas
  12 jumping spiders
  Sigmund (D:5)
  2 centaur simulacra (Gauntlet)
  An ettin skeleton (Vaults:2)
  27 slime creatures
  4 wraiths (D:15)
  10 culicivoras
  6 spriggans
  2 vampires (D:12)
  3 wyverns
  3 fire elementals
  61 yaks
  7 basilisks
  7 humans (D:14)
  32 redbacks
  16 vampire mosquitoes
  2 acid dragons
  12 swamp worms
  A hell hound (Gauntlet)
  10 water moccasins
  9 ice beasts
  7 swamp drakes
  2 black bears
  21 orc warriors
  5 boggarts (Vaults:1)
  17 ogres
  25 wolves
  2 centaurs
  2 phantoms
  2 kobold brigands
  A gnoll sergeant (D:7)
  9 bullfrogs
  3 scorpions
  2 necrophages (Swamp:3)
  A cane toad simulacrum (Gauntlet)
  A human simulacrum (Vaults:2)
  13 killer bees
  An electric eel (D:10)
  3 howler monkeys
  3 gnoll boudas
  3 hounds
  2 jellies (D:5)
  18 orc priests
  3 iron imps (D:6)
  2 sleepcaps
  2 iguanas
  27 orc wizards
  Robin (D:3)
  6 adders
  17 gnolls
  A shadow imp (D:8)
  3 white imps
  3 ufetubi
  2 dart slugs
  92 orcs
  4 bats
  13 endoplasms
  5 giant cockroaches
  19 goblins
  7 hobgoblins
  6 jackals
  28 kobolds
  4 quokkas
  5 ball pythons
  4 frilled lizards
  7 rats
1157 creatures vanquished.

Vanquished Creatures (collateral kills)
  Mlioglotl (Swamp:3)
  A ghost moth (Spider:4)
  An ironbound thunderhulk (Vaults:1)
  A shambling mangrove (Swamp:4)
  A centaur warrior (Vaults:1)
  A radroach (Spider:4)
  2 boulder beetles
  6 two-headed ogres
  A demonic crawler (Spider:4)
  A swamp dragon (Swamp:4)
  A bog body (Swamp:3)
  A wolf spider (Spider:4)
  A yaktaur (Vaults:1)
  3 meliai (Spider:4)
  A troll (Orc:2)
  A tyrant leech (Swamp:3)
  2 hornets (Swamp:4)
  A tarantella (Spider:4)
  A culicivora (Spider:2)
  2 redbacks
  2 swamp worms
  4 orc warriors
  3 swamp drakes (Swamp:4)
  An ogre (Orc:2)
  2 lava snakes (D:14)
  An orc wizard (Orc:1)
  An ufetubus (Gauntlet)
  7 orcs
51 creatures vanquished.

Vanquished Creatures (others)
  2 bloated husks
  A slime creature (Vaults:2)
  An orc (D:5)
  22 foxfires
26 creatures vanquished.

Grand Total: 1234 creatures vanquished

Notes
Turn   | Place    | Note
-------+----------+-------------------------------------------
     0 | D:1      | Gladio the Demonspawn Gladiator began the quest for the
                  | Orb.
     0 | D:1      | Reached XP level 1. HP: 16/16 MP: 1/1
    41 | D:1      | Found Zaysuff's Magic Scroll Shoppe.
    92 | D:1      | Found Wenats's Weapon Shoppe.
   116 | D:1      | Gained mutation: You are partially covered in yellow
                  | scales. (AC +2) [demonic ancestry]
   116 | D:1      | Reached XP level 2. HP: 9/22 MP: 2/2
   508 | D:1      | Gained mutation: Spells you cast may paralyse adjacent
                  | enemies. [demonic ancestry]
   508 | D:1      | Reached XP level 3. HP: 27/28 MP: 3/3
   984 | D:2      | Found a shadowy altar of Dithmenos.
  1104 | D:2      | Reached skill level 1 in Short Blades
  1331 | D:2      | Gained mutation: You are mostly covered in yellow scales.
                  | (AC +3) [demonic ancestry]
  1331 | D:2      | Reached XP level 4. HP: 34/34 MP: 4/4
  1841 | D:3      | Reached XP level 5. HP: 36/41 MP: 5/5
  2119 | D:3      | Noticed Robin
  2141 | D:3      | Gained mutation: You have a somewhat thin skeletal
                  | structure. (Dex +2, Stealth+) [potion of mutation]
  2154 | D:3      | Killed Robin
  2187 | D:3      | Found a faded altar of an unknown god.
  2704 | D:4      | Noticed a phantom
  2722 | D:4      | Killed a phantom
  2723 | D:4      | Gained mutation: You have large cloven feet. [demonic
                  | ancestry]
  2723 | D:4      | Reached XP level 6. HP: 45/48 MP: 6/6
  2750 | D:4      | Found Adweroma's Antique Weapon Shop.
  3090 | D:4      | Found a sacrificial altar of Ru.
  3096 | D:4      | Found a sparkling altar of Nemelex Xobeh.
  3233 | D:5      | Entered Level 5 of the Dungeon
  3300 | D:5      | Noticed an ice beast
  3371 | D:4      | Killed an ice beast
  3497 | D:5      | Noticed Sigmund
  3505 | D:5      | Gained mutation: Spells you cast may paralyse nearby
                  | enemies. [demonic ancestry]
  3505 | D:5      | Reached XP level 7. HP: 54/54 MP: 7/7
  3519 | D:5      | Killed Sigmund
  3716 | D:5      | Found Yfettaa's Weapon Emporium.
  3836 | D:5      | Found a stormy altar of Qazlal.
  3903 | D:6      | Reached skill level 5 in Short Blades
  4053 | D:6      | Found a burning altar of Makhleb.
  4247 | D:6      | Became a worshipper of Makhleb the Destroyer
  4329 | D:6      | Reached skill level 1 in Invocations
  4329 | D:6      | Gained mutation: You have hoof-like feet. [demonic
                  | ancestry]
  4329 | D:6      | Reached XP level 8. HP: 49/61 MP: 8/8
  4333 | D:6      | Reached skill level 5 in Dodging
  4460 | D:6      | Reached skill level 5 in Fighting
  4522 | D:6      | Identified the ring "Reoqeu" {Fire Will+}
  4557 | D:6      | Reached skill level 2 in Invocations
  4706 | D:6      | Found a runed translucent gate.
  4706 | D:6      | Found a runed translucent gate.
  4706 | D:6      | Found a runed translucent gate.
  4707 | D:6      | Noticed kal9871's ghost (novice TrBe)
  5055 | D:6      | Reached * piety under Makhleb
  5065 | D:6      | Reached skill level 3 in Invocations
  5504 | D:7      | Found a staircase to the Ecumenical Temple.
  5539 | Temple   | Entered the Ecumenical Temple
  5612 | D:7      | Reached skill level 4 in Invocations
  5686 | D:7      | Noticed Maggie
  5692 | D:7      | Killed Maggie
  5693 | D:7      | Reached XP level 9. HP: 69/69 MP: 12/12
  5834 | D:7      | Reached skill level 1 in Long Blades
  6123 | D:7      | Reached ** piety under Makhleb
  6417 | D:8      | Reached skill level 5 in Invocations
  6800 | D:8      | Found a radiant altar of Vehumet.
  6813 | D:8      | Found the +5 Force Lance {heavy, knockback}
  7204 | D:8      | Reached skill level 6 in Invocations
  7213 | D:8      | Reached *** piety under Makhleb
  7414 | D:9      | Reached XP level 10. HP: 79/79 MP: 14/14
  7604 | D:9      | Noticed a two-headed ogre
  7620 | D:9      | Killed a two-headed ogre
  7630 | D:9      | Reached skill level 5 in Long Blades
  7713 | D:9      | Found a blossoming altar of Fedhas.
  7738 | D:9      | Reached skill level 7 in Invocations
  7781 | D:9      | Paralysed by a hornet for 3 turns
  7794 | D:9      | Found a staircase to the Lair.
  8030 | D:9      | Noticed Gastronok
  8724 | D:10     | Entered Level 10 of the Dungeon
  8921 | D:10     | Noticed Sonja
  8934 | D:10     | Killed Sonja
  8935 | D:10     | Reached skill level 8 in Invocations
  9076 | D:10     | Reached **** piety under Makhleb
  9094 | D:10     | Found a staircase to the Orcish Mines.
  9193 | D:10     | Gained mutation: Your magical and physical power is
                  | slightly enhanced at high health. [demonic ancestry]
  9193 | D:10     | Reached XP level 11. HP: 86/86 MP: 17/17
  9523 | D:10     | Identified the ring of Gipumybb {rC+ Will++ Int+3 Dex-2}
  9823 | Lair:1   | Entered Level 1 of the Lair of Beasts
 10153 | Lair:1   | Noticed Fannar
 10167 | Lair:1   | Killed Fannar
 10168 | Lair:1   | Reached skill level 1 in Armour
 10177 | Lair:1   | Reached skill level 9 in Invocations
 10565 | Lair:1   | Reached ***** piety under Makhleb
 10758 | Lair:1   | Identified the +0 scale mail of Qiluqari {Will+}
 11181 | Lair:1   | Reached skill level 10 in Invocations
 11441 | Lair:2   | Reached XP level 12. HP: 83/95 MP: 19/19
 11600 | Lair:2   | Found a dark tunnel.
 11618 | Volcano  | Entered a volcano
 11618 | Volcano  | Noticed a two-headed ogre
 11619 | Volcano  | Noticed a two-headed ogre
 11620 | Volcano  | Noticed a two-headed ogre
 11620 | Volcano  | Noticed a two-headed ogre
 11623 | Volcano  | Killed a two-headed ogre
 11625 | Volcano  | Killed a two-headed ogre
 11627 | Volcano  | Noticed a two-headed ogre
 11627 | Volcano  | Killed a two-headed ogre
 11629 | Volcano  | Killed a two-headed ogre
 11632 | Volcano  | Killed a two-headed ogre
 11634 | Volcano  | Noticed a two-headed ogre
 11635 | Volcano  | Noticed a two-headed ogre
 11635 | Volcano  | Noticed a two-headed ogre
 11638 | Volcano  | Killed a two-headed ogre
 11639 | Volcano  | Noticed a two-headed ogre
 11643 | Volcano  | Noticed a two-headed ogre
 11912 | Lair:2   | Killed a two-headed ogre
 11999 | Lair:2   | Killed a two-headed ogre
 12108 | Lair:2   | Reached skill level 10 in Long Blades
 12111 | Lair:2   | Reached skill level 11 in Invocations
 12125 | Lair:2   | Reached skill level 10 in Fighting
 12323 | Lair:2   | Found a staircase to the Swamp.
 13450 | Lair:3   | Noticed a catoblepas
 13460 | Lair:3   | Killed a catoblepas
 13467 | Lair:3   | Found a gate leading to a gauntlet.
 13474 | Gauntlet | Entered a Gauntlet
 13474 | Gauntlet | Found a transporter.
 13474 | Gauntlet | Found a transporter.
 13541 | Gauntlet | Found a transporter.
 13542 | Gauntlet | Found a transporter.
 13551 | Gauntlet | Found a transporter.
 13554 | Gauntlet | Found a transporter.
 13562 | Gauntlet | Found a transporter.
 13576 | Gauntlet | Found a runed translucent door.
 13579 | Gauntlet | Found a transporter.
 13581 | Gauntlet | Found a runed translucent door.
 13593 | Gauntlet | Found a transporter.
 13597 | Gauntlet | Found a transporter.
 13605 | Gauntlet | Found a transporter.
 13609 | Gauntlet | Found a transporter.
 13972 | Gauntlet | Identified the +4 cloak "Guken" {Drain rPois Regen+}
 14068 | Gauntlet | Identified the +8 ring mail "Calibb" {rElec rPois Will++}
 14105 | Gauntlet | Noticed a minotaur
 14120 | Gauntlet | Killed a minotaur
 14121 | Gauntlet | Reached XP level 13. HP: 65/104 MP: 21/21
 14158 | Gauntlet | Identified the +2 mace "Dragonbane" {antimagic, rPois
                  | Int+3}
 14242 | Lair:3   | Identified the +0 scale mail of Fashionability {Drain Fly
                  | rElec Int+4}
 14324 | Lair:3   | Found a hole to the Spider Nest.
 14526 | Lair:3   | Reached skill level 12 in Invocations
 14643 | Lair:3   | Reached skill level 10 in Dodging
 15781 | Lair:5   | Identified the "Ackuewn"
 15781 | Lair:5   | Entered Level 5 of the Lair of Beasts
 15877 | Lair:4   | Reached ****** piety under Makhleb
 15969 | Lair:5   | Reached skill level 13 in Invocations
 16341 | Lair:5   | Gained mutation: You are completely covered in yellow
                  | scales. (AC +4, rCorr) [demonic ancestry]
 16341 | Lair:5   | Reached XP level 14. HP: 113/113 MP: 23/23
 16757 | Lair:5   | Found a runed translucent door.
 16758 | Lair:5   | Found a viscous altar of Jiyva.
 16758 | Lair:5   | Noticed an acid blob
 16760 | Lair:5   | Found a staircase to the Slime Pits.
 17415 | D:9      | Killed Gastronok
 17585 | D:11     | Noticed Erica
 17594 | D:11     | Killed Erica
 18543 | D:12     | Reached skill level 14 in Invocations
 18702 | D:12     | Noticed a vampire knight
 18715 | D:12     | Killed a vampire knight
 18924 | D:12     | Identified the +6 chain mail "Omue" {Harm Fly rC- Will+}
 18930 | D:12     | Noticed Jorgrun
 18953 | D:12     | Killed Jorgrun
 19059 | D:12     | Identified the +7 falchion of Res Judicata {heavy, rElec}
 19880 | D:14     | Found a runed translucent door.
 19881 | D:14     | Found a runed translucent door.
 19902 | D:14     | Found a runed translucent door.
 19908 | D:14     | Noticed Agnes
 20049 | D:14     | Found a basalt altar of Yredelemnul.
 20267 | D:14     | Gained mutation: You sometimes gain a little power by
                  | taking damage. [demonic ancestry]
 20267 | D:14     | Reached XP level 15. HP: 122/122 MP: 25/25
 20444 | D:14     | Killed Agnes
 20510 | D:14     | Found a gate to the Vaults.
 20721 | D:14     | Reached skill level 1 in Shields
 20858 | D:15     | Entered Level 15 of the Dungeon
 21167 | D:15     | Reached skill level 15 in Invocations
 21358 | D:15     | Noticed Josephine
 21418 | D:15     | Killed Josephine
 21472 | D:15     | Reached skill level 5 in Armour
 21553 | D:15     | Found a staircase to the Depths.
 22093 | Orc:1    | Entered Level 1 of the Orcish Mines
 22329 | Orc:2    | Entered Level 2 of the Orcish Mines
 22409 | Orc:1    | Noticed Maurice
 22424 | Orc:1    | Killed Maurice
 22568 | Orc:2    | Found a staircase to the Elven Halls.
 22828 | Orc:2    | Reached skill level 15 in Long Blades
 22842 | Orc:2    | Gained mutation: You sometimes gain power by taking damage.
                  | [demonic ancestry]
 22842 | Orc:2    | Reached XP level 16. HP: 131/131 MP: 27/27
 22881 | Orc:2    | Found Ukeddogar's Assorted Antiques.
 22932 | Orc:2    | Found Sueclum's General Store.
 22938 | Orc:2    | Bought a scroll of identify for 44 gold pieces
 22938 | Orc:2    | Bought a scroll of identify for 44 gold pieces
 22938 | Orc:2    | Bought a scroll labelled ULEUNA GUUDD for 22 gold pieces
 22943 | Orc:2    | Found Hacodopp's Antique Armour Boutique.
 22944 | Orc:2    | Found Nyud's Book Shop.
 23448 | Spider:1 | Entered Level 1 of the Spider Nest
 24538 | Spider:2 | Noticed Arachne
 24572 | Spider:2 | Killed Arachne
 24867 | Spider:2 | Reached skill level 16 in Invocations
 25586 | Spider:3 | Noticed Roxanne
 25597 | Spider:3 | Noticed Nikola
 25597 | Spider:3 | Noticed Donald
 25608 | Spider:2 | Killed Nikola
 25651 | Spider:3 | Killed Donald
 25925 | Spider:3 | Reached skill level 5 in Shields
 26355 | Spider:3 | Killed Roxanne
 26575 | Spider:4 | Entered Level 4 of the Spider Nest
 27363 | Spider:4 | Reached XP level 17. HP: 139/139 MP: 29/29
 28073 | Spider:4 | Reached skill level 17 in Invocations
 28303 | Spider:4 | Got a gossamer rune of Zot
 28312 | Spider:4 | Identified the scarf of the Sacrificial Victim {+Inv, rF+
                  | rC- rN+ Stlth+}
 28541 | Swamp:1  | Entered Level 1 of the Swamp
 30016 | Swamp:3  | Identified the serpent talisman of Theory {*Slow rC+ Dex+3}
 30016 | Swamp:3  | Noticed Aizul
 30031 | Swamp:3  | Killed Aizul
 30032 | Swamp:3  | Reached skill level 15 in Fighting
 30371 | Swamp:4  | Entered Level 4 of the Swamp
 30467 | Swamp:4  | Noticed Mlioglotl
 30484 | Swamp:3  | Killed Mlioglotl
 30704 | Swamp:3  | Reached XP level 18. HP: 149/149 MP: 30/30
 30743 | Swamp:4  | Reached skill level 18 in Invocations
 31272 | Swamp:4  | Got a decaying rune of Zot
 31533 | Vaults:1 | Entered Level 1 of the Vaults
 31594 | Vaults:1 | Found Lyito's Book Shop.
 31790 | Vaults:1 | Found Cankirhu's Weapon Emporium.
 31860 | Vaults:1 | Noticed Zenata
 32052 | Vaults:1 | Killed Zenata
 32612 | Vaults:1 | Found Veilluocs's Antique Armour Shop.
 32623 | Vaults:1 | Bought a pair of faintly humming boots for 209 gold pieces
 32623 | Vaults:1 | Identified the +2 pair of boots of Death's Door {+Inv Str+4
                  | SInv} (You bought it in a shop on level 1 of the Vaults)
 32988 | Vaults:2 | Reached skill level 19 in Invocations
 33227 | Vaults:2 | Reached XP level 19. HP: 116/161 MP: 32/32
 33333 | Vaults:2 | Found a flickering gateway to a bazaar.
 33339 | Bazaar   | Entered a bazaar
 33388 | Bazaar   | Found Famiapru's Weapon Emporium.
 33399 | Bazaar   | Found Covocseng's Distillery.
 33404 | Bazaar   | Bought a potion of heal wounds for 60 gold pieces
 33404 | Bazaar   | Bought a potion of heal wounds for 60 gold pieces
 33404 | Bazaar   | Bought a potion of heal wounds for 60 gold pieces
 33404 | Bazaar   | Bought a potion of invisibility for 96 gold pieces
 33404 | Bazaar   | Bought a potion of mutation for 96 gold pieces
 33431 | Bazaar   | Found Joguysso's Armour Boutique.
 33447 | Bazaar   | Found Wenlakoc's Magic Scroll Shoppe.
 33452 | Bazaar   | Bought a scroll of teleportation for 21 gold pieces
 33452 | Bazaar   | Bought a scroll of fog for 28 gold pieces
 33452 | Bazaar   | Bought a scroll of immolation for 28 gold pieces
 33539 | Bazaar   | Found Lihyniurgh's Magic Scroll Emporium.
 33544 | Bazaar   | Bought a scroll of teleportation for 42 gold pieces
 33544 | Bazaar   | Bought a scroll of acquirement for 728 gold pieces
 33544 | Bazaar   | Bought a scroll of enchant weapon for 105 gold pieces
 33544 | Bazaar   | Bought a scroll of teleportation for 42 gold pieces
 33544 | Bazaar   | Bought a scroll of fear for 56 gold pieces
 33544 | Bazaar   | Bought a scroll of summoning for 133 gold pieces
 33575 | Vaults:2 | Acquired the +2 hat of Dice, Bag, and Bottle {Str-5 Dex+2
                  | Stlth+}
 34182 | Vaults:2 | Found the +8 pair of quick blades "Gyre" and "Gimble"
                  | {protect}
 34666 | WizLab   | Identified the of Lota
 34666 | WizLab   | Identified the "Ziath"
 34675 | Vaults:3 | Reached skill level 15 in Dodging
 34675 | Vaults:3 | Reached skill level 10 in Shields
 35078 | Vaults:3 | Found a magical portal.
 35121 | WizLab   | Entered Iskenderun's Mystic Tower
 35309 | WizLab   | Blown up by a conjurer statue

Illustrated notes

Levels and vault maps discovered:
D:1:      lemuel_arrival_river_ford, layout_basic, serial_shops, shop,
          nicolae_shop_hallway_plus, minmay_octomino_j4
D:2:      layout_rooms, basic_altar, minmay_distorted
D:3:      layout_basic, shapermc_ecumenical_altar_mp_ritualfount,
          dk_noncrumbling_4, uniq_robin
D:4:      layout_cave_pools, mainiacjoe_overflow_big_doors, serial_shops,
          nicolae_shop_pleasant_corner_grove
D:5:      layout_cave_pools, kennysheep_mini, serial_shops, shop_statue,
          uniq_sigmund
D:6:      layout_rooms, demons_altar, nicolae_tso_swordbearing_angel,
          biasface_ghost_orc_armoury
D:7:      layout_basic, temple_statues, uniq_maggie
D:8:      layout_basic, mainiacjoe_overflow_cross_hatched
D:9:      layout_gridville, mainiacjoe_overflow_concentric_impassable,
          hellmonk_lair_entry_icy, uniq_gastronok
D:10:     layout_loops_cross, hiddenorc2_lemuel, nicolae_have_a_lightning_rod,
          uniq_sonja
D:11:     layout_loops_corners, uniq_erica
D:12:     minmay_textured_paths, layout_loops_ring, chequers_avenue,
          nicolae_titane, uniq_jorgrun
D:13:     layout_cave_pools, serial_bayou_pond_d, solitary_fountain
D:14:     layout_basic, ximxim_vaults_locker_room, yredelemnul_altar_generic,
          nicolae_hexahallways, grunt_decor_junction, mikee_hates_you,
          uniq_agnes
D:15:     gammafunk_enter_depths_forms, layout_irregular_city,
          wad_floor_pattern_1, pond, uniq_josephine
Temple:   eino_wide_crystal_templ
Lair:1:   layout_roguey, uniq_fannar
Lair:2:   layout_small_grid, swamp_mist, nicolae_volcano_entry_hallway
Lair:3:   layout_roguey, spider_nest_entry_a, gauntlet_entry_generic,
          grunt_megastairs_4
Lair:4:   layout_long_grid, chequers_serial_rivers_small_b, serial_bayou_shore_b
Lair:5:   grunt_lair_end_beastmaster, layout_loops_ring, slime_entry_2,
          grunt_megastairs_1
Swamp:1:  layout_falls_marsh, nicolae_swamp_very_dense_foliage
Swamp:2:  layout_basic_swamp, nicolae_swamp_fairy_circle,
          infiniplex_staircase_pool
Swamp:3:  layout_falls_marsh, hangedman_swamp_ruin_wall, uniq_aizul
Swamp:4:  swamp, layout_basic_swamp, uniq_mlioglotl
Spider:1: layout_spider_delve
Spider:2: layout_chambers, hangedman_spider_tarantella_strand, uniq_arachne
Spider:3: layout_spider_delve, nicolae_spider_twisty_arc_passages, uniq_nikola,
          uniq_roxanne, uniq_donald
Spider:4: hellmonk_spider_rune_bug_friends, hellmonk_spider_spawner
Orc:1:    layout_caves, uniq_maurice
Orc:2:    st_orc_open, layout_caves
Vaults:1: hangedman_vaults_stream, dpeg_vaults_monster_box,
          nicolae_vaults_specimen_jars, nicolae_vaults_asterisk,
          nicolae_vaults_tetromino_T_1, nicolae_vaults_storage_room_statues,
          vaults_dpeg_doors, nicolae_vaults_tetromino_L_2,
          layout_vaults_quadrants, serial_shops, nicolae_book_shop_shelving,
          shop_statue, nicolae_square_shop, uniq_zenata
Vaults:2: vaults_dpeg_ring, v_misc_13, ontoclasm_vaults_hangar,
          ontoclasm_vaults_ring_large, nicolae_vaults_arrows,
          nicolae_vaults_rhombus_5, nicolae_vaults_meiosis,
          nicolae_vaults_network_star, hangedman_vaults_slice,
          nicolae_vaults_off_center_swirl, vaults_room_semicircle,
          layout_vaults_omnibox, serial_shops, freezing_bzr
Vaults:3: mu_enter_wizlab_5, grunt_vaults_focal, vaults_mumra_minichess,
          hangedman_vaults_trim, ontoclasm_vaults_misaligned,
          nicolae_vaults_steering_wheel, nicolae_vaults_little_guard_posts,
          v_misc_29, nicolae_vaults_cornered_office,
          nicolae_vaults_windows_and_doors_thing, nicolae_vaults_double_plus_1,
          minmay_crypt_entry_necro_gods, nicolae_vaults_lightning_bolt,
          layout_vaults_maze
WizLab:   wizlab_iskenderun

Skill      XL: |  1  2  3  4  5  6  7  8  9 10 11 12 13 14 15 16 17 18 19 |
---------------+----------------------------------------------------------+-----
Throwing       | 2 |  2.0
Unarmed Combat | 3 |  3.1
Dodging        | 3 4 5 6 7 8 9 10 11 12 13 14 15 | 15.1
Short Blades   | 1 2 3 4 5 7 8 |  8.1
Fighting       | 3 4 6 7 8 9 10 11 12 13 14 15 17 18 | 18.0
Invocations    | 1 4 6 8 10 11 13 14 15 16 17 19 | 19.7
Long Blades    | 4 6 9 10 12 14 15 | 15.4
Armour         | 2 3 5 7 9 |  9.0
Shields        | 3 6 7 9 10 | 10.0

Action                     |  1- 3 |  4- 6 |  7- 9 | 10-12 | 13-15 | 16-18 | 19-21 || total
---------------------------+-------+-------+-------+-------+-------+-------+-------++-------
  Melee: Unarmed           |    71 |       |       |       |       |       |       ||    71
         Punch             |     1 |     3 |    14 |    13 |    32 |       |       ||    63
         Rapier            |   110 |     6 |   157 |       |       |       |       ||   273
         Dagger            |       |   171 |   130 |       |       |       |       ||   301
         Kick              |       |    17 |    97 |   168 |   581 |   571 |       ||  1434
         Long sword        |       |    13 |    30 |       |       |       |       ||    43
         Scimitar          |       |       |    89 |   472 |  1162 |  1417 |   189 ||  3329
         Falchion          |       |       |       |       |   138 |       |       ||   138
         Pair of quick bla |       |       |       |       |       |       |   623 ||   623
  Throw: Dart              |       |     3 |     3 |       |       |       |       ||     6
         Throwing net      |       |     3 |       |     1 |       |       |       ||     4
 Invoke: Minor Destruction |       |       |    24 |    48 |     7 |       |       ||    79
         Greater Servant o |       |       |       |     1 |     3 |    12 |       ||    16
         Lesser Servant of |       |       |       |     1 |     1 |     3 |       ||     5
         Major Destruction |       |       |       |       |     4 |    30 |     6 ||    40
  Evoke: Wand              |       |       |     8 |     9 |       |     1 |       ||    18
    Use: Scroll            |       |     5 |     5 |    11 |    11 |    11 |     1 ||    44
         Potion            |       |     2 |     1 |     5 |     1 |     7 |       ||    16
   Stab: Sleeping          |     1 |     3 |     5 |     3 |    12 |     9 |     6 ||    39
         Held in net/web   |       |     3 |       |     1 |       |       |       ||     4
         Distracted        |       |       |     1 |     2 |       |    15 |       ||    18
         Invisible         |       |       |       |     2 |       |     2 |       ||     4
         Petrified         |       |       |       |       |    10 |       |       ||    10
         Confused          |       |       |       |       |       |     1 |       ||     1
 Armour: Leather armour    |    24 |       |       |       |       |       |       ||    24
         Ring mail         |   104 |   120 |   161 |   154 |   693 |   738 |   126 ||  2096
         Acid dragon scale |       |       |    70 |   172 |       |       |       ||   242
  Dodge: Dodged            |   128 |    92 |   278 |   392 |   986 |  1346 |   240 ||  3462
  Block: Kite shield       |       |       |       |       |   368 |  1331 |   109 ||  1808

Table legend: (Time is in decaauts)
 A = Elapsed time spent in this place.
 B = Non-inter-level travel time spent in this place.
 C = Inter-level travel time spent in this place.
 D = Time resting spent in this place.
 E = Time spent auto-exploring this place.
 F = Levels seen in this place.
 G = Mean time per level.
                   A        B        C        D        E       F      G
               +--------+--------+--------+--------+--------+-----+--------+
         Total |  34986 |  31902 |   3084 |    488 |  23073 |  38 |  920.7 |
       Dungeon |  14672 |  13328 |   1344 |    282 |   9963 |  15 |  978.1 |
        Temple |      1 |      1 |      0 |      0 |      0 |   1 |    1.0 |
          Lair |   6916 |   6273 |    643 |     20 |   4899 |   5 | 1383.2 |
         Swamp |   2974 |   2727 |    247 |     98 |   1749 |   4 |  743.5 |
   Spider Nest |   4963 |   4540 |    423 |     86 |   3359 |   4 | 1240.8 |
  Orcish Mines |   1145 |   1050 |     95 |      0 |    665 |   2 |  572.5 |
        Vaults |   3199 |   2869 |    330 |      0 |   1914 |   3 | 1066.3 |
        Bazaar |    226 |    226 |      0 |      0 |    202 |   1 |  226.0 |
       Volcano |     29 |     29 |      0 |      0 |      1 |   1 |   29.0 |
        Wizlab |    175 |    175 |      0 |      2 |     21 |   1 |  175.0 |
      Gauntlet |    681 |    681 |      0 |      0 |    299 |   1 |  681.0 |
               +--------+--------+--------+--------+--------+-----+--------+

Top non-repeatable levels by time:
  Lair:1: 2321 daAuts
Spider:4: 1803 daAuts
     D:9: 1655 daAuts
Vaults:1: 1435 daAuts
Vaults:2: 1352 daAuts
     D:6: 1312 daAuts
  Lair:5: 1292 daAuts
     D:7: 1289 daAuts
Spider:2: 1266 daAuts
  Lair:3: 1222 daAuts
  Lair:2: 1201 daAuts
    D:10: 1183 daAuts
    D:14: 1154 daAuts
     D:3: 1127 daAuts
    D:15: 1022 daAuts
